 Dungeon Crawl Stone Soup version 0.19-a0-1792-g28b16ba (webtiles) character file.

165 4thArraOfDagon the Slasher (level 5, 0/47 HPs)
             Began as a Minotaur Monk on Oct 4, 2016.
             Slain by a hornet zombie (5 damage)
             ... on level 5 of the Dungeon.
             The game lasted 00:02:21 (570 turns).

4thArraOfDagon the Slasher (Minotaur Monk)           Turns: 570, Time: 00:02:21

Health: 0/47       AC:  6    Str: 16    XL:     5   Next: 21%
Magic:  4/4        EV: 12    Int:  7    God:
Gold:   30         SH:  0    Dex: 13    Spells: 0 memorised, 4 levels left

rFire  . . .     SeeInvis .     a - +0 falchion
rCold  . . .     Gourm    .     f - +0 ring mail
rNeg   . . .     Faith    .     (no shield)
rPois  .         Spirit   .     (helmet restricted)
rElec  .         Dismiss  .     (no cloak)
rCorr  .         Reflect  .     i - +0 pair of gloves
MR     .....     Harm     .     (no boots)
Stlth  +.........               (no amulet)
                                (no ring)
                                (no ring)

@: no status effects
A: retaliatory headbutt, horns 2
a: no special abilities


You were on level 5 of the Dungeon.
You were not hungry.

You visited 1 branch of the dungeon, and saw 5 of its levels.

You collected 30 gold pieces.

Inventory:

Hand Weapons
 a - a +0 falchion (weapon)
Armour
 b - a +0 robe
 f - a +0 ring mail (worn)
 i - a +0 pair of gloves (worn)
 j - a +2 leather armour of magic resistance
Scrolls
 d - 3 scrolls of remove curse {unknown}
 e - a scroll of enchant weapon {unknown}
 g - a scroll of identify {unknown}
 h - a scroll of teleportation {unknown}
 k - a scroll of enchant armour {unknown}
Comestibles
 c - 4 bread rations


   Skills:
 + Level 4.4 Fighting
 * Level 5.4 Long Blades
 + Level 2.3 Armour
 + Level 4.1 Dodging
 - Level 1.5 Stealth


You had 4 spell levels left.
You didn't know any spells.

Dungeon Overview and Level Annotations

Branches:
Dungeon (5/15)
 Temple: D:4-7

Altars:


Innate Abilities, Weirdness & Mutations

You reflexively headbutt those who attack you in melee.
You have a pair of horns on your head.


Message History

The hornet zombie is moderately damaged.
The hornet zombie barely misses you.
You riposte.
You slash the hornet zombie! You headbutt the hornet zombie!
The hornet zombie is heavily damaged.
The hornet zombie hits you!
* * * LOW HITPOINT WARNING * * *
You hit the hornet zombie. You headbutt the hornet zombie.
The hornet zombie is severely damaged.
The hornet zombie hits you.
* * * LOW HITPOINT WARNING * * *
Unknown command.
Unknown command.
You hit the hornet zombie. Your headbutt misses the hornet zombie.
The hornet zombie is severely damaged.
The hornet zombie barely misses you.
Unknown command.
You hit the hornet zombie.
The hornet zombie is almost destroyed.
The hornet zombie hits you.
You die...

....... [.... .....
#...# #...# #...#
#.Z.# #@# ###
##.######.. .. ##
###.......#.##.# ...
#.......#.#.##.##.##
#.#.....#.#.##......
......#............#
..........#.#.##..#.#
.#.#.#.......#.......#
#.#.......###.#.....#


You could see a hornet zombie.

Vanquished Creatures
  A scorpion (D:3)
  An orc priest (D:3)
  A worker ant (D:5)
  3 adders (D:3)
  A worm (D:3)
  2 orcs (D:3)
  2 ball pythons (D:1)
  2 giant cockroaches
  A goblin (D:2)
  3 hobgoblins
  5 jackals
  5 bats
  A frilled lizard (D:3)
  2 kobolds (D:2)
  3 rats
33 creatures vanquished.

Notes
Turn   | Place    | Note
-------+----------+-------------------------------------------
     0 | D:1      | 4thArraOfDagon the Minotaur Monk began the quest for the Orb.
     0 | D:1      | Reached XP level 1. HP: 19/19 MP: 0/0
   105 | D:1      | Reached skill level 4 in Long Blades
   105 | D:1      | Reached XP level 2. HP: 19/27 MP: 1/1
   267 | D:3      | Reached skill level 1 in Armour
   267 | D:3      | Reached XP level 3. HP: 16/33 MP: 2/2
   287 | D:3      | Reached XP level 4. HP: 13/40 MP: 3/3
   338 | D:3      | Reached skill level 5 in Long Blades
   442 | D:3      | Reached XP level 5. HP: 12/47 MP: 4/4
   521 | D:5      | Entered Level 5 of the Dungeon
   570 | D:5      | Slain by a hornet zombie

Vault maps used:
D:1:      dpeg_arrival_signposts, minivault_25, minmay_pentomino_p2
D:2:      first_bread, uniq_jessica, uniq_terence
D:3:      ecumenical_altar_1, kennysheep_small_spiral
D:4:      minmay_strange_pillars, dk_yredelemnul_ordeal
D:5:      nicolae_dithmenos_shadow_blocks

Skill      XL: |  1  2  3  4  5 |
---------------+----------------+-----
Long Blades    | 4 5 |  5.4
Armour         | 1 2 |  2.3
Fighting       | 4 |  4.4
Dodging        | 4 |  4.1
Stealth        | |  1.5

Action                   |  1- 3 |  4- 6 || total
-------------------------+-------+-------++-------
Melee: Falchion          |    31 |    46 ||    77
       Headbutt          |     3 |    10 ||    13
  Use: Potion            |     2 |     1 ||     3
Armor: Ring mail         |     6 |     5 ||    11
       Skin              |       |    14 ||    14
Dodge: Dodged            |    32 |    30 ||    62
       Rpst.: Falchion   |     7 |     9 ||    16
